PA
DELAWARE 1787 BC @ PUT-IN-BAY BC
06/10/2034
 
TOP OF THE 1ST
Delaware 1787 BC batting - Pitching for Put-In-Bay BC : RHP Pedro Lucero
Pitching: RHP Pedro Lucero
Batting: RHB Román Ramírez 0-0: Called Strike
0-1: Ball
1-1: Ball
2-1: Ground out 5-3 (Groundball, 56S)
Batting: LHB Michael Simmons 0-0: Ground out 1-3 (Groundball, P)
Batting: RHB Zacarías Salazar 0-0: Ball
1-0: Foul Ball, location: 2F
1-1: Ball
2-1: SINGLE (Groundball, 56D)
Batting: RHB Carlos Mendoza 0-0: Ball
1-0: Called Strike
1-1: Swinging Strike
1-2: Ball
2-2: DOUBLE (Line Drive, 8RXD)
Zacarías Salazar to third
Runner from 3rd tries for Home, SAFE, no throw
Batting: LHB Manuel Gonzáles 0-0: Ball
1-0: Called Strike
1-1: Ball
2-1: Swinging Strike
2-2: Foul Ball, location: 2F
2-2: Fly out, F7 (Flyball, 78D)
Top of the 1st over - 1 run, 2 hits, 0 errors, 1 left on base; Delaware 1 - Put-In-Bay 0
BOTTOM OF THE 1ST
Put-In-Bay BC batting - Pitching for Delaware 1787 BC : RHP Domingo Llacer
Pitching: RHP Domingo Llacer
Batting: RHB Álex Maroto 0-0: Ball
1-0: Foul Ball, location: 2F
1-1: Ground out 6-3 (Groundball, 6)
Batting: RHB Dean Bush 0-0: Ball
1-0: Ball
2-0: Ball
3-0: Base on Balls
Batting: SHB Yushua Harith 0-0: Ball
Dean Bush steals 2nd base
1-0: Foul Ball, location: 2F
1-1: Ball
2-1: Fly out, F9 (Flyball, 9LSF)
Batting: LHB Louie Shufflebotham 0-0: Called Strike
0-1: Ball
1-1: Called Strike
1-2: Ball
2-2: SINGLE (Flyball, 9S)
Dean Bush to third
Runner from 3rd tries for Home, throw and OUT!
Bottom of the 1st over - 0 runs, 1 hit, 0 errors, 1 left on base; Delaware 1 - Put-In-Bay 0
TOP OF THE 2ND
Delaware 1787 BC batting - Pitching for Put-In-Bay BC : RHP Pedro Lucero
Batting: LHB Lucas Hancox 0-0: Ball
1-0: Swinging Strike
1-1: Called Strike
1-2: Strikes out swinging
Batting: RHB Andrew Irwin 0-0: Ball
1-0: Called Strike
1-1: Foul Ball, location: 2F
1-2: Ball
2-2: Ball
3-2: Fly out, F8 (Flyball, 8RM)
Batting: RHB Claxton Derringer 0-0: Ball
1-0: Foul Ball, location: 2F
1-1: Called Strike
1-2: Ball
2-2: Ball
3-2: Base on Balls
Batting: RHB Tomás Flores 0-0: Ball
1-0: Called Strike
1-1: Swinging Strike
1-2: Strikes out swinging
Top of the 2nd over - 0 runs, 0 hits, 0 errors, 1 left on base; Delaware 1 - Put-In-Bay 0
BOTTOM OF THE 2ND
Put-In-Bay BC batting - Pitching for Delaware 1787 BC : RHP Domingo Llacer
Batting: RHB Roberto Reyes 0-0: Ball
1-0: Ground out 6-3 (Groundball, 6)
Batting: LHB Pablo Martínez 0-0: Called Strike
0-1: Called Strike
0-2: Foul Ball, location: 2F
0-2: Ground out U3 (Groundball, 34)
Batting: RHB Scott Bray 0-0: Called Strike
0-1: Ball
1-1: Ball
2-1: Swinging Strike
2-2: Foul Ball, location: 2F
2-2: Foul Ball, location: 2F
2-2: SINGLE (Line Drive, 78M)
Batting: RHB Tex Quesada 0-0: Ball
1-0: Fly out, F8 (Flyball, 8LD)
Bottom of the 2nd over - 0 runs, 1 hit, 0 errors, 1 left on base; Delaware 1 - Put-In-Bay 0
TOP OF THE 3RD
Delaware 1787 BC batting - Pitching for Put-In-Bay BC : RHP Pedro Lucero
Batting: RHB Román Ramírez 0-0: Ball
1-0: Called Strike
1-1: Swinging Strike
1-2: Strikes out swinging
Batting: LHB Michael Simmons 0-0: Ball
1-0: Ball
2-0: Foul Ball, location: 2F
2-1: Ground out 5-3 (Groundball, 5)
Batting: RHB Zacarías Salazar 0-0: Ball
1-0: Ball
2-0: SINGLE (Line Drive, 4M)
Batting: RHB Carlos Mendoza 0-0: Ball
1-0: Ball
2-0: Ground out 5-3 (Groundball, 56S)
Top of the 3rd over - 0 runs, 1 hit, 0 errors, 1 left on base; Delaware 1 - Put-In-Bay 0
BOTTOM OF THE 3RD
Put-In-Bay BC batting - Pitching for Delaware 1787 BC : RHP Domingo Llacer
Batting: LHB Ids Ulderink 0-0: Ball
1-0: Ball
2-0: Fly out, F8 (Flyball, 8RM)
Batting: RHB Álex Maroto 0-0: Foul Ball, location: 2F
0-1: Ball
1-1: Foul Ball, location: 2F
1-2: SINGLE (Line Drive, 7S)
Batting: RHB Dean Bush 0-0: Ball
1-0: Swinging Strike
1-1: Called Strike
1-2: Strikes out swinging
Batting: SHB Yushua Harith 0-0: Called Strike
0-1: SINGLE (Groundball, 3S) (infield hit)
Álex Maroto to second
Batting: LHB Louie Shufflebotham 0-0: Ball
1-0: Foul Ball, location: 2F
1-1: Foul Ball, location: 2F
1-2: Ground out U3 (Groundball, 34S)
Bottom of the 3rd over - 0 runs, 2 hits, 0 errors, 2 left on base; Delaware 1 - Put-In-Bay 0
TOP OF THE 4TH
Delaware 1787 BC batting - Pitching for Put-In-Bay BC : RHP Pedro Lucero
Batting: LHB Manuel Gonzáles 0-0: Called Strike
0-1: Ball
1-1: Swinging Strike
1-2: Foul Ball, location: 2F
1-2: Strikes out looking
Batting: LHB Lucas Hancox 0-0: SINGLE (Groundball, 34D)
Batting: RHB Andrew Irwin 0-0: Ball
1-0: Called Strike
1-1: Fly out, F7 (Flyball, 7LS)
Batting: RHB Claxton Derringer 0-0: Fly out, F9 (Line Drive, 9)
Top of the 4th over - 0 runs, 1 hit, 0 errors, 1 left on base; Delaware 1 - Put-In-Bay 0
BOTTOM OF THE 4TH
Put-In-Bay BC batting - Pitching for Delaware 1787 BC : RHP Domingo Llacer
Batting: RHB Roberto Reyes 0-0: TRIPLE (Line Drive, 8LXD)
Batting: LHB Pablo Martínez 0-0: Fly out, F9 (Line Drive, 9)
Runner from 3rd tags up, SCORES, throw made
Batting: RHB Scott Bray 0-0: Ball
1-0: Called Strike
1-1: Ball
2-1: Fly out, F7 (Line Drive, 7LM)
Batting: RHB Tex Quesada 0-0: Swinging Strike
0-1: Ball
1-1: Ball
2-1: Called Strike
2-2: Ball
3-2: Strikes out looking
Bottom of the 4th over - 1 run, 1 hit, 0 errors, 0 left on base; Delaware 1 - Put-In-Bay 1
TOP OF THE 5TH
Delaware 1787 BC batting - Pitching for Put-In-Bay BC : RHP Pedro Lucero
Batting: RHB Tomás Flores 0-0: Ball
1-0: Ball
2-0: DOUBLE (Line Drive, 7LS)
Batting: RHB Román Ramírez 0-0: Foul Ball, location: 2F
0-1: Ball
1-1: Foul Ball, location: 2F
1-2: Hit by Pitch
Batting: LHB Michael Simmons 0-0: Bunted foul
0-1: Sac Bunt - play at first, batter OUT! 2-4
Tomás Flores to third
Román Ramírez to second
Batting: RHB Zacarías Salazar 0-0: Fly out, F9 (Flyball, 9S)
Batting: RHB Carlos Mendoza 0-0: Ball
1-0: Ball
2-0: Ball
Wild Pitch!
Tomás Flores scores
Román Ramírez to third
3-0: Base on Balls
Batting: LHB Manuel Gonzáles 0-0: Ball
1-0: Foul Ball, location: 2F
1-1: Ground out 4-3 (Groundball, 4)
Top of the 5th over - 1 run, 1 hit, 0 errors, 2 left on base; Delaware 2 - Put-In-Bay 1
BOTTOM OF THE 5TH
Put-In-Bay BC batting - Pitching for Delaware 1787 BC : RHP Domingo Llacer
Batting: LHB Ids Ulderink 0-0: Ball
1-0: Ball
2-0: Ball
3-0: Foul Ball, location: 2F
3-1: Foul Ball, location: 2F
3-2: Strikes out swinging
Batting: RHB Álex Maroto 0-0: Called Strike
0-1: Ball
1-1: Ball
2-1: Swinging Strike
2-2: Foul Ball, location: 2F
2-2: Ball
3-2: Base on Balls
Batting: RHB Dean Bush 0-0: Ball
1-0: Ball
Álex Maroto steals 2nd base
2-0: Called Strike
2-1: Called Strike
2-2: Foul Ball, location: 2F
2-2: Foul Ball, location: 2F
2-2: Ground out 5-3 (Groundball, 56)
Batting: SHB Yushua Harith 0-0: Called Strike
0-1: Swinging Strike
0-2: Strikes out swinging
Bottom of the 5th over - 0 runs, 0 hits, 0 errors, 1 left on base; Delaware 2 - Put-In-Bay 1
TOP OF THE 6TH
Delaware 1787 BC batting - Pitching for Put-In-Bay BC : RHP Pedro Lucero
Batting: LHB Lucas Hancox 0-0: Called Strike
0-1: Foul Ball, location: 2F
0-2: Ball
1-2: SINGLE (Groundball, 4D)
Batting: RHB Andrew Irwin 0-0: Sac Bunt - play at first, batter OUT! 1-4
Lucas Hancox to second
Batting: RHB Claxton Derringer 0-0: Called Strike
0-1: Swinging Strike
0-2: Ball
1-2: Strikes out swinging
Batting: RHB Tomás Flores 0-0: Ball
1-0: Ball
2-0: Ball
3-0: Called Strike
3-1: Base on Balls
Batting: RHB Román Ramírez 0-0: Foul Ball, location: 2F
0-1: Fly out, F8 (Flyball, 8LS)
Top of the 6th over - 0 runs, 1 hit, 0 errors, 2 left on base; Delaware 2 - Put-In-Bay 1
BOTTOM OF THE 6TH
Put-In-Bay BC batting - Pitching for Delaware 1787 BC : RHP Domingo Llacer
Batting: LHB Louie Shufflebotham 0-0: Called Strike
0-1: Ball
1-1: Ball
2-1: Foul Ball, location: 2F
2-2: Ground out 1-3 (Groundball, P)
Batting: RHB Roberto Reyes 0-0: Called Strike
0-1: Called Strike
0-2: Foul Ball, location: 2F
0-2: Foul Ball, location: 2F
0-2: Ball
1-2: Foul Ball, location: 2F
1-2: Ball
2-2: Ball
3-2: Ground out 6-3 (Groundball, 6)
Batting: LHB Pablo Martínez 0-0: Ball
1-0: Foul Ball, location: 2F
1-1: Called Strike
1-2: Strikes out swinging, 2-3 out at first.
Bottom of the 6th over - 0 runs, 0 hits, 0 errors, 0 left on base; Delaware 2 - Put-In-Bay 1
TOP OF THE 7TH
Delaware 1787 BC batting - Pitching for Put-In-Bay BC : RHP Pedro Lucero
Batting: LHB Michael Simmons 0-0: Ball
1-0: Foul Ball, location: 2F
1-1: Called Strike
1-2: Ball
2-2: Ground out U3 (Groundball, 34)
Batting: RHB Zacarías Salazar 0-0: Ball
1-0: Foul Ball, location: 2F
1-1: Ball
2-1: Ball
3-1: DOUBLE (Line Drive, 78D)
Batting: RHB Carlos Mendoza 0-0: Intentional Walk
Batting: LHB Manuel Gonzáles 0-0: SINGLE (Groundball, 34S) (infield hit)
Zacarías Salazar to third
Carlos Mendoza to second
Pinch Hitting: LHB Todd Bonzalez 0-0: Ball
1-0: SINGLE (Line Drive, 7S)
Zacarías Salazar scores
Carlos Mendoza to third
Manuel Gonzáles to second
Runner from 3rd tries for Home, SAFE, throw made home
Batting: RHB Andrew Irwin 0-0: Foul Ball, location: 2F
0-1: Ball
1-1: Ball
2-1: Ball
3-1: Called Strike
3-2: Foul Ball, location: 2F
3-2: Foul Ball, location: 2F
3-2: Fly out, F9 (Flyball, 9LM)
Pitching: RHP Fernando Colón
Batting: RHB Claxton Derringer 0-0: Swinging Strike
0-1: Ball
1-1: Swinging Strike
1-2: Strikes out swinging
Top of the 7th over - 2 runs, 3 hits, 0 errors, 2 left on base; Delaware 4 - Put-In-Bay 1
BOTTOM OF THE 7TH
Put-In-Bay BC batting - Pitching for Delaware 1787 BC : RHP Domingo Llacer
Now at 1B: Todd Bonzalez
Batting: RHB Scott Bray 0-0: Fly out, F5 (Flyball, 5D)
Batting: RHB Tex Quesada 0-0: Ball
1-0: Called Strike
1-1: Foul Ball, location: 2F
1-2: Fly out, F9 (Flyball, 9D)
Batting: LHB Ids Ulderink 0-0: Ball
1-0: Swinging Strike
1-1: Foul Ball, location: 2F
1-2: Ball
2-2: Ball
3-2: Fly out, F8 (Line Drive, 8RD)
Bottom of the 7th over - 0 runs, 0 hits, 0 errors, 0 left on base; Delaware 4 - Put-In-Bay 1
TOP OF THE 8TH
Delaware 1787 BC batting - Pitching for Put-In-Bay BC : RHP Fernando Colón
Batting: RHB Tomás Flores 0-0: Ball
1-0: Ball
2-0: Foul Ball, location: 2F
2-1: Foul Ball, location: 2F
2-2: Foul Ball, location: 2F
2-2: Ball
3-2: Strikes out swinging
Batting: RHB Román Ramírez 0-0: Ball
1-0: SINGLE (Groundball, 6MD)
Batting: LHB Michael Simmons 0-0: Ball
1-0: Foul Ball, location: 2F
1-1: Swinging Strike
1-2: Ball
2-2: Ball
3-2: Strikes out swinging
Batting: RHB Zacarías Salazar 0-0: Ball
1-0: SINGLE (Flyball, 89S)
Román Ramírez to second
Runner from 2nd tries for 3rd, SAFE, no throw
Batting: RHB Carlos Mendoza 0-0: Ball
1-0: Fielders Choice at 2nd, 6-4 (Groundball, 6)
Top of the 8th over - 0 runs, 2 hits, 0 errors, 2 left on base; Delaware 4 - Put-In-Bay 1
BOTTOM OF THE 8TH
Put-In-Bay BC batting - Pitching for Delaware 1787 BC : RHP Domingo Llacer
Pitching: LHP Luis Valdés
Batting: RHB Álex Maroto 0-0: Ball
1-0: SINGLE (Line Drive, 4MD)
Batting: RHB Dean Bush 0-0: Called Strike
0-1: Ball
1-1: Ball
2-1: Foul Ball, location: 2F
2-2: Strikes out swinging
Batting: SHB Yushua Harith 0-0: Ball
1-0: SINGLE (Line Drive, 7S)
Álex Maroto to second
Batting: LHB Louie Shufflebotham 0-0: Swinging Strike
0-1: 3-RUN HOME RUN (Flyball, 9LD), Distance : 339 ft
Pitching: RHP Ken Kimberlin
Batting: RHB Roberto Reyes 0-0: Ball
1-0: Ball
2-0: Ball
3-0: Called Strike
3-1: Base on Balls
Batting: LHB Pablo Martínez 0-0: Ground out U3 (Groundball, 3S)
Roberto Reyes to second
Batting: RHB Scott Bray 0-0: Ball
1-0: Called Strike
1-1: Called Strike
1-2: Ball
2-2: Ball
3-2: Ground out 4-3 (Groundball, 4MD)
Bottom of the 8th over - 3 runs, 3 hits, 0 errors, 1 left on base; Delaware 4 - Put-In-Bay 4
TOP OF THE 9TH
Delaware 1787 BC batting - Pitching for Put-In-Bay BC : RHP Fernando Colón
Pitching: RHP Paul Zucarelli
Batting: LHB Manuel Gonzáles 0-0: Ball
1-0: Fly out, F9 (Flyball, 9)
Batting: LHB Todd Bonzalez 0-0: Called Strike
0-1: Ball
1-1: Ground out 4-3 (Groundball, 4)
Batting: RHB Andrew Irwin 0-0: Foul Ball, location: 2F
0-1: Ball
1-1: SINGLE (Line Drive, 78S)
Batting: RHB Claxton Derringer 0-0: Foul Ball, location: 2F
0-1: Called Strike
0-2: Ball
1-2: Ball
2-2: Strikes out swinging
Top of the 9th over - 0 runs, 1 hit, 0 errors, 1 left on base; Delaware 4 - Put-In-Bay 4
BOTTOM OF THE 9TH
Put-In-Bay BC batting - Pitching for Delaware 1787 BC : RHP Ken Kimberlin
Batting: RHB Tex Quesada 0-0: Swinging Strike
0-1: Ball
1-1: Ball
2-1: Ball
3-1: SINGLE (Line Drive, 4) (infield hit)
Batting: LHB Ids Ulderink 0-0: Ball
1-0: Foul Ball, location: 2F
1-1: Ball
2-1: Sac Bunt - play at first, batter OUT! 3-4
Tex Quesada to second
Batting: RHB Álex Maroto 0-0: Foul Ball, location: 2F
0-1: Ball
1-1: Ball
2-1: Called Strike
2-2: Strikes out swinging, 2-3 out at first.
Batting: RHB Dean Bush 0-0: Ball
1-0: Ball
Wild Pitch!
Tex Quesada to third
2-0: Reached on error, E4 (Groundball, 4)
Tex Quesada scores
GAME OVER ... PUT
In-Bay defeats Delaware, 5 to 4
Friday, March 29th, 2019 - OOTP Baseball 18.8 Build 76